 Dungeon Crawl Stone Soup version 0.28-a0-384-g9e0c098162 (webtiles) character file.

Game seed: 4992331236457731643

17195 swashedbuckles the Slicer (level 12, -45/92 HPs)
             Began as a Demonspawn Gladiator on Sept 1, 2021.
             Was a Believer of Makhleb.
             Annihilated by an enormous slime creature (65 damage)
             ... on level 12 of the Dungeon on Sept 2, 2021.
             The game lasted 00:44:23 (13377 turns).

swashedbuckles the Slicer (Demonspawn Gladiator)   Turns: 13377, Time: 00:44:23

Health: -45/92     AC: 14    Str: 19    XL:     12   Next: 16%
Magic:  0/12       EV: 22    Int: 14    God:    Makhleb [**....]
Gold:   632        SH:  0    Dex: 24    Spells: 11/11 levels left

rFire   . . .      SeeInvis .   c - +9 short sword of Circularity {flame, rElec rC+}
rCold   + . .      Faith    .   (no shield)
rNeg    . . .      Spirit   +   E - +1 ring mail "Ymyemor" {*Corrode Will++ Regen+ Int+4}
rPois   .          Reflect  .   (helmet restricted)
rElec   +          Harm     .   o - +1 cloak
rCorr   .          Rampage  .   f - +1 pair of gloves
Will    +++..                   w - -2 pair of boots "Leenuhuk" {Will+ Dex+3}
Stlth   +++++++...              r - amulet of guardian spirit
HPRegen 1.25/turn               g - +4 ring of protection
MPRegen 0.13/turn               j - ring of flight

@: agile, flying, studying Armour
A: horns 1, thin skeletal structure 3, powered by pain 2
a: Renounce Religion, Minor Destruction


You were on level 12 of the Dungeon.
You worshipped Makhleb.
Makhleb was pleased with you.
You visited 1 branch of the dungeon, and saw 12 of its levels.
You also visited: Sewer.

You collected 727 gold pieces.
You spent 95 gold pieces at shops.

Inventory:

Hand Weapons
 a - a +2 long sword of protection
 c - the +9 short sword of Circularity (weapon) {flame, rElec rC+}
   (You found it on level 4 of the Dungeon)

   It burns those it strikes, dealing additional fire damage.
   rC:        It protects you from cold.
   rElec:     It insulates you from electricity.
Missiles
 d - 3 throwing nets
 i - 79 poisoned darts (quivered)
Armour
 f - a +1 pair of gloves (worn)
 o - a +1 cloak (worn)
 w - the -2 pair of boots "Leenuhuk" (worn) {Will+ Dex+3}
   (You found it on level 8 of the Dungeon)

   Dex:       It affects your dexterity (+3).
   Will:      It increases your willpower.
 z - +3 steam dragon scales
 E - the +1 ring mail "Ymyemor" (worn) {*Corrode Will++ Regen+ Int+4}
   (You found it on level 11 of the Dungeon)

   Int:       It affects your intelligence (+4).
   Regen:     It increases your rate of health regeneration.
   *Corrode:  It may corrode you when you take damage.
   Will:      It greatly increases your willpower.
Jewellery
 g - a +4 ring of protection (left hand)
 j - a ring of flight (right hand)
 n - a ring of poison resistance
 r - an amulet of guardian spirit (around neck)
 D - a ring of wizardry
Wands
 p - a wand of paralysis (10)
 y - a wand of acid (15)
 A - a wand of flame (32)
 C - a wand of polymorph (18)
Scrolls
 e - 8 scrolls of blinking
 h - 2 scrolls of identify
 q - 6 scrolls of teleportation
 u - a scroll of immolation
 x - a scroll of fear
 F - a scroll of fog
 G - a scroll of amnesia
Potions
 b - a potion of mutation
 k - a potion of might
 l - 2 potions of flight
 m - a potion of invisibility
 s - 5 potions of magic
 t - 3 potions of curing
 v - 2 potions of cancellation
 B - a potion of brilliance


   Skills:
 + Level 7.8 Fighting
 + Level 10.4(11.1) Short Blades
 + Level 6.4(9.3) Long Blades
 + Level 4.9 Throwing
 + Level 3.2 Armour
 + Level 8.3 Dodging
 + Level 8.2 Stealth


You had 11 spell levels left.
You didn't know any spells.
Your spell library contained the following spells:

 Spells                   Type           Power      Damage    Failure   Level
 Beastly Appendage        Tmut           0%         N/A       43%         1
 Foxfire                  Conj/Fire      0%         2x1d4     43%         1
 Blink                    Tloc           N/A        N/A       58%         2
 Corpse Rot               Necr/Air       N/A        N/A       58%         2
 Poisonous Vapours        Pois/Air       0%         N/A       58%         2
 Static Discharge         Conj/Air       0%         N/A       58%         2
 Wereblood                Tmut           0%         N/A       58%         2
 Call Canine Familiar     Summ           0%         N/A       82%         3
 Portal Projectile        Hex/Tloc       0%         N/A       82%         3
 Spider Form              Tmut/Pois      0%         N/A       82%         3
 Summon Guardian Golem    Hex/Summ       0%         N/A       82%         3
 Leda's Liquefaction      Hex/Erth       0%         N/A       99%         4
 Summon Lightning Spire   Summ/Air       0%         N/A       99%         4
 Freezing Cloud           Conj/Ice/Air   0%         6-21      100%        5
 Lightning Bolt           Conj/Air       0%         1d11      100%        5
 Manifold Assault         Tloc           0%         N/A       100%        5
 Dispersal                Tloc           0%         N/A       100%        6
 Orb of Destruction       Conj           0%         N/A       100%        7
 Spellforged Servitor     Conj/Summ      0%         N/A       100%        7
 Storm Form               Tmut/Air       0%         N/A       100%        7
 Maxwell's Capacitive Co  Air            0%         ∞         100%        8


Dungeon Overview and Level Annotations

Branches:
Dungeon (12/15)            Temple (0/1) D:7            Lair (0/6) D:9
  Sewer (visited)
    Orc: D:9-12

Altars:
Ashenzari
Hepliaklqana
Makhleb
Nemelex Xobeh
Ru
Vehumet

Shops:
D:9 (   D:10 *


Innate Abilities, Weirdness & Mutations

You have a pair of small horns on your head.
You have an unnaturally thin skeletal structure. (Dex +6, Stealth+++)
You sometimes gain power by taking damage.


Message History

The slime creature misses you.
Two slime creatures merge to form a large slime creature.
Two slime creatures merge to form a very large slime creature.
You hit the very large slime creature. You burn the very large slime creature.
The very large slime creature is moderately wounded.
You puncture the very large slime creature!
You burn the very large slime creature.
The very large slime creature is moderately wounded.
You puncture the very large slime creature!
You burn the very large slime creature!
The very large slime creature is heavily wounded.
You hit the very large slime creature. You burn the very large slime creature.
You headbutt the very large slime creature!
The very large slime creature is heavily wounded.
The very large slime creature misses you.
You puncture the very large slime creature!
You burn the very large slime creature.
You headbutt the very large slime creature.
The very large slime creature is severely wounded.
Two slime creatures merge to form an enormous slime creature.
You completely miss the enormous slime creature.
The enormous slime creature is heavily wounded.
You hit the enormous slime creature. You burn the enormous slime creature.
The enormous slime creature is heavily wounded.
You puncture the enormous slime creature!
You burn the enormous slime creature.
The enormous slime creature is heavily wounded.
The enormous slime creature hits you!!!!
Ouch! That really hurt!
* * * LOW HITPOINT WARNING * * *
You focus on the pain.
You feel agile all of a sudden.
You hit the enormous slime creature. You burn the enormous slime creature.
The enormous slime creature is heavily wounded.
You hit the enormous slime creature. You burn the enormous slime creature.
You headbutt the enormous slime creature.
The enormous slime creature is heavily wounded.
The enormous slime creature hits you!!!
Ouch! That really hurt!
You die...

##........#
..........#
...J......#
..........#
..........#
.....J....#
..........#
..#######J#
. #@# #.#
#.# #.# #<#
........#
###..####
#. #


You could see an enormous slime creature.

Vanquished Creatures
  Snorg (D:11)
  2 hydras (D:11)
  The ghost of Dittersdorf the Fighter, a journeyman GrFi of Okawaru (D:10)
  3 two-headed ogres
  3 death yaks (D:9)
  Nergalle (D:11)
  2 cyclopes (D:11)
  Maggie (D:6)
  Psyche (D:11)
  Prince Ribbit (D:7)
  2 trolls (D:11)
  A slime creature (D:12)
  A shadow (D:11)
  10 yaks
  4 wyverns
  A human (shapeshifter) (D:11)
  An acid dragon (D:8)
  4 water moccasins
  Duvessa (D:7)
  2 ice beasts
  2 sky beasts
  4 orc warriors
  A black bear (D:4)
  2 necrophages
  4 ogres
  2 centaurs (D:10)
  2 phantoms
  2 bullfrogs
  9 kobold brigands
  3 scorpions
  Dowan (D:7)
  A wyvern skeleton (D:6)
  2 killer bees (D:4)
  10 wights (D:8)
  2 howler monkeys (D:9)
  7 electric eels
  4 lava snakes (D:8)
  5 centaur zombies
  2 bullfrog zombies
  A hound (D:6)
  2 orc priests
  Crazy Yiuf (D:2)
  2 centaur skeletons
  2 gnoll shamans
  3 iguanas
  6 orc wizards
  A scorpion zombie (D:4)
  A hell rat (D:9)
  A hound skeleton (D:5)
  Robin (D:2)
  10 gnolls
  8 adders
  7 river rats
  A shadow imp (D:6)
  A white imp (D:4)
  3 ufetubi
  8 worms
  A dart slug (D:4)
  23 orcs
  13 ball pythons
  12 endoplasms
  4 giant cockroaches
  18 goblins
  15 hobgoblins
  32 kobolds
  12 quokkas
  6 bats
  5 frilled lizards
  20 rats
328 creatures vanquished.

Vanquished Creatures (others)
  2 fungi (D:2)
2 creatures vanquished.

Grand Total: 330 creatures vanquished

Notes
Turn   | Place    | Note
-------+----------+-------------------------------------------
     0 | D:1      | swashedbuckles the Demonspawn Gladiator began the quest for
                  | the Orb.
     0 | D:1      | Reached XP level 1. HP: 16/16 MP: 1/1
   310 | D:1      | Gained mutation: You sometimes gain a little power by
                  | taking damage. [demonic ancestry]
   310 | D:1      | Reached XP level 2. HP: 8/22 MP: 2/2
   734 | D:1      | Found a faded altar of an unknown god.
  1521 | D:2      | Reached XP level 3. HP: 27/27 MP: 3/3
  1794 | D:2      | Noticed Robin
  1833 | D:2      | Reached skill level 1 in Armour
  1843 | D:2      | Killed Robin
  1844 | D:2      | Reached XP level 4. HP: 24/33 MP: 4/4
  2265 | D:2      | Found a runed translucent door.
  2266 | D:2      | Noticed Crazy Yiuf
  2893 | D:2      | Killed Crazy Yiuf
  3044 | D:2      | Upgraded the game from 0.28-a0-381-g937acc2988 to
                  | 0.28-a0-384-g9e0c098162
  3132 | D:3      | Found a radiant altar of Vehumet.
  3197 | D:3      | Found a sparkling altar of Nemelex Xobeh.
  3399 | D:3      | Reached XP level 5. HP: 36/39 MP: 5/5
  3495 | D:3      | Reached skill level 1 in Stealth
  4193 | D:4      | Found a large runed translucent door.
  4193 | D:4      | Found a large runed translucent door.
  4244 | D:4      | Gained mutation: You have a somewhat thin skeletal
                  | structure. (Dex +2, Stealth+) [demonic ancestry]
  4244 | D:4      | Reached XP level 6. HP: 33/46 MP: 6/6
  4373 | D:4      | Found a large runed translucent door.
  4373 | D:4      | Found a large runed translucent door.
  5008 | D:4      | Reached skill level 5 in Long Blades
  5073 | D:4      | Gained mutation: You have a pair of small horns on your
                  | head. [demonic ancestry]
  5073 | D:4      | Reached XP level 7. HP: 41/52 MP: 7/7
  5090 | D:4      | Got the Volume of the Hurtful Compass
  5099 | D:4      | Identified the +9 short sword of Circularity {flame, rElec
                  | rC+}
  5133 | D:5      | Entered Level 5 of the Dungeon
  5573 | D:5      | Reached skill level 1 in Short Blades
  5584 | D:5      | Gained mutation: You have a moderately thin skeletal
                  | structure. (Dex +4, Stealth++) [demonic ancestry]
  5584 | D:5      | Reached XP level 8. HP: 47/58 MP: 6/8
  5709 | D:5      | Reached skill level 2 in Short Blades
  6042 | D:6      | Reached skill level 3 in Short Blades
  6127 | D:6      | Found a glowing drain.
  6147 | Sewer    | Entered a sewer
  6663 | Sewer    | Reached skill level 4 in Short Blades
  7071 | D:6      | Reached XP level 9. HP: 65/66 MP: 9/9
  7099 | D:6      | Found a hazy altar of Hepliaklqana.
  7227 | D:6      | Reached skill level 5 in Short Blades
  7228 | D:6      | Noticed Maggie
  7245 | D:6      | Killed Maggie
  7984 | D:7      | Reached skill level 5 in Dodging
  8027 | D:7      | Noticed Prince Ribbit
  8035 | D:7      | Killed Prince Ribbit
  8036 | D:7      | Reached skill level 5 in Fighting
  8036 | D:7      | Reached skill level 5 in Stealth
  8156 | D:7      | Noticed Dowan
  8158 | D:7      | Noticed Duvessa
  8168 | D:7      | Killed Duvessa
  8182 | D:7      | Killed Dowan
  8183 | D:7      | Reached skill level 6 in Short Blades
  8256 | D:7      | Found a staircase to the Ecumenical Temple.
  9036 | D:8      | Gained mutation: You have an unnaturally thin skeletal
                  | structure. (Dex +6, Stealth+++) [demonic ancestry]
  9036 | D:8      | Reached XP level 10. HP: 74/74 MP: 10/10
  9182 | D:8      | Reached skill level 7 in Short Blades
  9409 | D:8      | Identified the -2 pair of boots "Leenuhuk" {Will+ Dex+3}
  9604 | D:8      | Found a burning altar of Makhleb.
  9611 | D:8      | Became a worshipper of Makhleb the Destroyer
 10143 | D:9      | Found Utsot's Weapon Emporium.
 10149 | D:9      | Found a broken altar of Ashenzari.
 10220 | D:9      | Noticed a death yak
 10221 | D:9      | Noticed a death yak
 10223 | D:9      | Found a staircase to the Lair.
 10234 | D:9      | Noticed a death yak
 10237 | D:9      | Killed a death yak
 10238 | D:9      | Reached skill level 8 in Short Blades
 10254 | D:9      | Killed a death yak
 10261 | D:9      | Killed a death yak
 10261 | D:9      | Reached * piety under Makhleb
 10261 | D:9      | Noticed a two-headed ogre
 10279 | D:9      | Killed a two-headed ogre
 10280 | D:9      | Reached XP level 11. HP: 32/83 MP: 8/11
 11206 | D:10     | Entered Level 10 of the Dungeon
 11385 | D:10     | Noticed a two-headed ogre
 11399 | D:10     | Killed a two-headed ogre
 11400 | D:10     | Reached skill level 9 in Short Blades
 11500 | D:10     | Found a sacrificial altar of Ru.
 11647 | D:10     | Found Darepiqu's Island Escapes.
 11735 | D:10     | Reached ** piety under Makhleb
 11791 | D:10     | Noticed a two-headed ogre
 11799 | D:10     | Killed a two-headed ogre
 12022 | D:10     | Found a runed translucent door.
 12022 | D:10     | Noticed Dittersdorf's ghost (journeyman GrFi)
 12028 | D:10     | Killed Dittersdorf's ghost
 12029 | D:10     | Identified the +1 cloak of Vanity {Harm Fly rPois Slay-6}
 12329 | D:10     | Bought a scroll of blinking for 75 gold pieces
 12329 | D:10     | Bought a scroll of fog for 20 gold pieces
 12376 | D:11     | Noticed Psyche
 12378 | D:11     | Killed Psyche
 12380 | D:11     | Noticed Snorg
 12421 | D:11     | Killed Snorg
 12459 | D:11     | Noticed a four-headed hydra
 12470 | D:11     | Noticed an eight-headed hydra
 12488 | D:11     | Killed a four-headed hydra
 12489 | D:11     | Reached skill level 10 in Short Blades
 12497 | D:11     | Killed an eight-headed hydra
 12850 | D:11     | Identified the +1 ring mail "Ymyemor" {*Corrode Will++
                  | Regen+ Int+4}
 12913 | D:11     | Noticed Nergalle
 12927 | D:11     | Killed Nergalle
 12928 | D:11     | Gained mutation: You sometimes gain power by taking damage.
                  | [demonic ancestry]
 12928 | D:11     | Reached XP level 12. HP: 92/92 MP: 12/12
 13377 | D:12     | Annihilated by an enormous slime creature

Illustrated notes

Levels and vault maps discovered:
D:1:      zaba_arrival_water, layout_basic, basic_ecumenical_altar
D:2:      layout_loops_ring, grunt_ministairs_2, minmay_indecisive_spiral,
          uniq_crazy_yiuf_cottage, uniq_robin
D:3:      cheibrodos_old_hovel, layout_loops_corners,
          mainiacjoe_overflow_catwalk, vehumet_crystals
D:4:      layout_rooms, minivault_27, kennysheep_minor_cross,
          minmay_hollow_rounded_squares
D:5:      layout_loops_cross, st_stairs_14, corexii_checkpoint_b
D:6:      layout_cave_pools, worldfamousw_hep_ancestral_shrine,
          gup_sewer_entry_bubbles, water_maze_lemuel, uniq_maggie
D:7:      layout_rooms, minmay_temple_entry_junction, kennysheep_nondescript,
          minmay_quadrilaterals, uniq_duvessa, uniq_prince_ribbit1
D:8:      layout_loops_ring, lightli_temple_of_fire, kennysheep_big_empty_room
D:9:      layout_loops_ring, nicolae_ashenzari_skybound, dpeg_lair_monsters,
          serial_shops, nicolae_shop_stone
D:10:     layout_basic, mainiacjoe_overflow_alcove_4, gammafunk_ghost_grave,
          nicolae_island_escapes
D:11:     layout_basic, uniq_psyche, uniq_nergalle, uniq_snorg
D:12:     layout_irregular_city, kennysheep_orc_monster_closet_entryway,
          gammafunk_ghost_necromancy, nrook_uturn

Skill      XL: |  1  2  3  4  5  6  7  8  9 10 11 12 |
---------------+-------------------------------------+-----
Long Blades    | 3 4 5 6 |  6.4
Dodging        | 3 4 5 6 8 |  8.3
Armour         | 1 2 3 |  3.2
Stealth        | 1 2 4 5 6 7 8 |  8.2
Throwing       | 2 4 |  4.9
Fighting       | 3 4 5 6 7 |  7.8
Short Blades   | 1 4 6 8 10 | 10.4

Action                   |  1- 3 |  4- 6 |  7- 9 | 10-12 || total
-------------------------+-------+-------+-------+-------++-------
Melee: Long sword        |   134 |   217 |       |       ||   351
       Short sword       |       |       |   285 |   367 ||   652
       Headbutt          |       |       |    55 |   117 ||   172
Throw: Dart              |       |     3 |    12 |    25 ||    40
  Use: Potion            |     1 |       |     3 |     5 ||     9
       Scroll            |       |    13 |    14 |     5 ||    32
 Stab: Sleeping          |     2 |     7 |    18 |    15 ||    42
       Distracted        |       |       |       |     1 ||     1
Armor: Leather armour    |    63 |   123 |    53 |       ||   239
       Steam dragon scal |       |       |    29 |    83 ||   112
Dodge: Dodged            |   115 |   163 |   183 |   232 ||   693

Table legend: (Time is in decaauts)
 A = Elapsed time spent in this place.
 B = Non-inter-level travel time spent in this place.
 C = Inter-level travel time spent in this place.
 D = Time resting spent in this place.
 E = Time spent auto-exploring this place.
 F = Levels seen in this place.
 G = Mean time per level.
                   A        B        C        D        E       F      G
               +--------+--------+--------+--------+--------+-----+--------+
         Total |  13498 |  13364 |    134 |   1439 |   7166 |  13 | 1038.3 |
       Dungeon |  12530 |  12396 |    134 |   1439 |   6670 |  12 | 1044.2 |
         Sewer |    967 |    967 |      0 |      0 |    495 |   1 |  967.0 |
               +--------+--------+--------+--------+--------+-----+--------+

Top non-repeatable levels by time:
     D:2: 1632 daAuts
     D:1: 1473 daAuts
     D:6: 1173 daAuts
    D:10: 1140 daAuts
     D:3: 1114 daAuts
     D:8: 1103 daAuts
     D:9: 1038 daAuts
     D:7: 1031 daAuts
     D:4: 973 daAuts
   Sewer: 967 daAuts
    D:11: 932 daAuts
     D:5: 897 daAuts
    D:12: 20 daAuts
